 Dungeon Crawl Stone Soup version 0.29.1-4-g47bece8355 (webtiles) character file.

Game seed: 8067567389845874270

274 KittyFluff the Cudgeller (level 6, -4/57 HPs)
             Began as a Gargoyle Berserker on Dec 7, 2022.
             Was a Believer of Trog.
             Slain by a black bear (11 damage)
             ... on level 4 of the Dungeon.
             The game lasted 00:14:32 (3945 turns).

KittyFluff the Cudgeller (Gargoyle Berserker)       Turns: 3945, Time: 00:14:33

Health: -4/57      AC: 13    Str: 20    XL:     6   Next: 24%
Magic:  6/6        EV: 12    Int:  8    God:    Trog [**....]
Gold:   307        SH:  0    Dex: 11    Spells: 5/5 levels left

rFire   . . .      SeeInvis .   a - +0 mace
rCold   . . .      Faith    .   (no shield)
rNeg    + . .      Spirit   .   k - +0 leather armour
rPois   ∞          Reflect  .   l - +0 helmet
rElec   +          Harm     .   x - +2 cloak {rCorr}
rCorr   +          Rampage  .   (no gloves)
Will    .....                   n - +0 pair of boots
Stlth   ..........              (no amulet)
HPRegen 0.19/turn               (no ring)
MPRegen 0.10/turn               (no ring)

@: berserking, very quick
A: sickness immunity, AC +4, negative energy resistance 1, electricity
resistance, torment resistance 1, petrification resistance
a: Renounce Religion, Berserk, Trog's Hand


You were on level 4 of the Dungeon.
You worshipped Trog.
Trog was pleased with you.
You visited 1 branch of the dungeon, and saw 4 of its levels.

You collected 319 gold pieces.
You spent 12 gold pieces at shops.

Inventory:

Hand Weapons
 a - a +0 mace (weapon)
 p - a +0 sling
 w - a +2 quarterstaff of chaos
Missiles
 d - 33 stones (quivered)
Armour
 k - a +0 leather armour (worn)
 l - a +0 helmet (worn)
 n - a +0 pair of boots (worn)
 x - a +2 cloak of preservation (worn)
Jewellery
 t - a ring of resist corrosion
Wands
 y - a wand of polymorph (7)
Scrolls
 b - a scroll of magic mapping {unknown}
 e - 2 scrolls of blinking
 h - 2 scrolls of identify {unknown}
 j - 2 scrolls of poison {unknown}
 m - a scroll of enchant weapon {unknown}
 o - a scroll of fear {unknown}
 q - a scroll of vulnerability {unknown}
 A - a scroll of immolation {unknown}
Potions
 c - 4 potions of curing {unknown}
 f - a potion of berserk rage {unknown}
 g - 3 potions of heal wounds {unknown}
 i - 2 potions of brilliance {unknown}
 r - a potion of lignification {unknown}
 s - 2 potions of degeneration
 u - a potion of haste {unknown}
 v - a potion of resistance {unknown}
 z - a potion of flight {unknown}


   Skills:
 + Level 4.0 Fighting
 + Level 5.1 Maces & Flails
 * Level 3.8 Armour
 + Level 2.2 Dodging
 + Level 1.2 Stealth


You had 5 spell levels left.
You didn't know any spells.
Your spell library was empty.

Dungeon Overview and Level Annotations

Branches:
Dungeon (4/15)
 Temple: D:4-7

Altars:
Dithmenos

Shops:
D:3 !

Annotations:
D:3 2 transporters, Mune's ghost, amateur TrHW


Innate Abilities, Weirdness & Mutations

You are immune to sickness and miasma.
Your stone body is resilient. (AC +4)
You are immune to poison.
You resist negative energy. (rN+)
You are resistant to electric shocks. (rElec)
You are resistant to unholy torment.
You are immune to petrification.


Message History

The black bear claws you but does no damage.
The black bear barely misses you.
You closely miss the black bear.
The black bear is heavily wounded.
The black bear bites you but does no damage.
The black bear claws you but does no damage. x2
The black bear bites you but does no damage.
The black bear claws you. The black bear closely misses you.
You hit the black bear.
The black bear is severely wounded.
The black bear misses you.
The black bear claws you but does no damage. x2
You barely miss the black bear.
The black bear is severely wounded.
The black bear barely misses you. x2; The black bear misses you.
You hit the black bear but do no damage.
The black bear is severely wounded.
The black bear bites you.
The black bear claws you but does no damage.
The black bear barely misses you.
You hit the black bear.
The black bear is almost dead.
The black bear goes berserk!
You completely miss the black bear.
The black bear is almost dead.
The black bear bites you. The black bear closely misses you.
The black bear claws you but does no damage.
The black bear bites you. The black bear claws you.
The black bear barely misses you.
You closely miss the black bear.
The black bear is almost dead.
The black bear closely misses you. x2; The black bear claws you.
* * * LOW HITPOINT WARNING * * *
The black bear barely misses you. The black bear claws you.
* * * LOW HITPOINT WARNING * * *
The black bear claws you.
* * * LOW HITPOINT WARNING * * *
A red film seems to cover your vision as you go berserk!
You feel yourself moving faster!
You feel mighty! The black bear bites you!
You die...

..####........# ###........##
#.............## #.##'##....#
...............######...##...#
.............<.##.##.....###.##
...............#.##...≈...##..#
....÷...........##...§≈≈§..##.#
...............##...≈§≈≈≈...###
..............##...≈≈...§≈§..#
..÷.#........##.@.≈≈.....≈≈...
....#........#..h≈≈.......≈§..
....#...##...#.........=.....
........######...≈≈.......§§
....###......##...≈≈.....≈≈
..### ######..##...≈≈..§≈≈ ..##
###.##...≈≈§§≈ ...# #..##...§§§
...# ####


You could see a black bear (berserk).

Vanquished Creatures
  A necrophage (D:4)
  A hound (D:4)
  Crazy Yiuf (D:3)
  A jelly (D:4)
  An iguana (D:4)
  A gnoll (D:3)
  3 adders
  2 worms (D:4)
  A dart slug (D:1)
  8 endoplasms
  2 giant cockroaches (D:1)
  8 goblins
  5 hobgoblins
  2 jackals (D:1)
  5 quokkas
  9 ball pythons
  5 bats
  A frilled lizard (D:1)
  3 kobolds
  2 rats
62 creatures vanquished.

Vanquished Creatures (others)
  A fungus (D:3)
  10 plants (D:2)
11 creatures vanquished.

Grand Total: 73 creatures vanquished

Notes
Turn   | Place    | Note
-------+----------+-------------------------------------------
     0 | D:1      | KittyFluff the Gargoyle Berserker began the quest for the
                  | Orb.
     0 | D:1      | Reached XP level 1. HP: 14/14 MP: 1/1
     6 | D:1      | Noticed a water moccasin
     6 | D:1      | Noticed an iguana
     7 | D:1      | Noticed a polar bear
     7 | D:1      | Noticed a wyvern
   327 | D:1      | Reached XP level 2. HP: 19/19 MP: 2/2
   921 | D:1      | Found a faded altar of an unknown god.
   958 | D:1      | Reached XP level 3. HP: 23/23 MP: 3/3
  1319 | D:2      | Reached ** piety under Trog
  2056 | D:3      | Found a shadowy altar of Dithmenos.
  2098 | D:3      | Found Muzail's Distillery.
  2185 | D:3      | Found a transporter.
  2187 | D:3      | Noticed Mune's ghost (amateur TrHW)
  2188 | D:3      | Noticed a steam dragon
  2194 | D:3      | Bought a potion of degeneration for 12 gold pieces
  2554 | D:3      | Reached XP level 4. HP: 4/28 MP: 4/4
  2915 | D:3      | Reached skill level 4 in Maces & Flails
  2926 | D:3      | Found a transporter.
  3000 | D:3      | Found a runed translucent door.
  3001 | D:3      | Noticed Crazy Yiuf
  3009 | D:3      | Killed Crazy Yiuf
  3328 | D:4      | Reached XP level 5. HP: 33/33 MP: 5/5
  3442 | D:4      | Reached skill level 1 in Stealth
  3442 | D:4      | Reached XP level 6. HP: 27/38 MP: 6/6
  3458 | D:4      | Reached skill level 5 in Maces & Flails
  3922 | D:4      | Noticed a black bear
  3945 | D:4      | Slain by a black bear

Illustrated notes

Levels and vault maps discovered:
D:1:      onia_arrival_zoo_common, layout_basic,
          nicolae_ecumenical_snake_handling
D:2:      layout_loops_cross, serial_bayou, serial_bayou_shore_b,
          serial_bayou_lake_a, serial_bayou_crossing, serial_bayou_shore_b,
          dk_noncrumbling_4
D:3:      layout_basic, amcnicky_altar_gilded, serial_shops, shop,
          gammafunk_ghost_arena, palyth_stone_intersect, minmay_cut_off,
          uniq_crazy_yiuf_cottage
D:4:      minmay_clustersquares, layout_rooms, zin_angel, marbit_many_paths,
          kennysheep_diamond, kennysheep_generic_room_16

Skill      XL: |  1  2  3  4  5  6 |
---------------+-------------------+-----
Armour         | 3 |  3.8
Maces & Flails | 4 5 |  5.1
Dodging        | 2 |  2.2
Fighting       | 4 |  4.0
Stealth        | 1 |  1.2

Action                   |  1- 3 |  4- 6 || total
-------------------------+-------+-------++-------
Melee: Mace              |   127 |    86 ||   213
       Punch             |     1 |     1 ||     2
Invok: Berserk           |     1 |     2 ||     3
  Use: Scroll            |       |     1 ||     1
 Stab: Sleeping          |       |     1 ||     1
Armor: Animal skin       |    30 |       ||    30
       Leather armour    |    19 |    47 ||    66
Dodge: Dodged            |   102 |    55 ||   157
